 Dungeon Crawl Stone Soup version 0.27-a0-1200-g94dc6ad4cf (webtiles) character file.

Game seed: 17098164178765887525

119 deadmanwalking the Magician (level 4, -3/36 HPs)
             Began as a Deep Elf Venom Mage on June 2, 2021.
             Slain by a hobgoblin (6 damage)
             ... led by Robin
             ... on level 3 of the Dungeon.
             The game lasted 00:09:43 (3253 turns).

deadmanwalking the Magician (Deep Elf Venom Mage)   Turns: 3253, Time: 00:09:43

Health: -3/36      AC: 22    Str:  5    XL:     4   Next: 74%
Magic:  0/12       EV:  2    Int: 21    God:
Gold:   77         SH:  0    Dex: 15    Spells: 0/11 levels left

rFire    . . .     SeeInvis .   a - +0 dagger
rCold    . . .     Faith    .   (no shield)
rNeg     + + +     Spirit   .   (armour currently unavailable)
rPois    +         Reflect  .   (helmet currently unavailable)
rElec    .         Harm     .   (cloak currently unavailable)
rCorr    .         Rampage  .   (gloves currently unavailable)
Will     .....     NoTele   +   (boots currently unavailable)
Stlth    ++........             (no amulet)
HPRegen  0.12/turn              (no ring)
MPRegen  0.13/turn              (no ring)

@: tree-form (expiring)
A: stationary, stasis, torment immunity, boosted hp
a: no special abilities


You were on level 3 of the Dungeon.
You were a tree.
You visited 1 branch of the dungeon, and saw 3 of its levels.

You collected 77 gold pieces.

Inventory:

Hand Weapons
 a - a +0 dagger (weapon)
 d - a +0 hand axe
Missiles
 c - 102 stones
 h - 13 sling bullets
 i - 24 poisoned darts
 j - 33 arrows
Armour
 e - a +0 robe (melded)
 g - a +2 hat (melded)
Magical Staves
 f - a staff of death
Jewellery
 n - a ring of see invisible
Potions
 b - a potion of heal wounds
 k - a potion of berserk rage {unknown}
 l - a potion of cancellation
 m - a potion of curing {unknown}
 p - a potion of magic {unknown}


   Skills:
 - Level 2.4 Dodging
 - Level 2.4 Stealth
 + Level 4.4 Spellcasting
 + Level 2.7 Transmutations
 + Level 1.5 Fire Magic
 + Level 4.3 Poison Magic


You couldn't memorise any spells.
You knew the following spells:

 Your Spells              Type           Power      Damage    Failure   Level
a - Sting                 Tmut/Pois      76%        1d6       2%          1
b - Ignite Poison         Fire/Tmut/Pois 16%        N/A       11%         3
c - Olgreb's Toxic Radia  Pois           22%        N/A       21%         4
d - Mephitic Cloud        Conj/Pois/Air  10%        N/A       19%         3

Your spell library contained the following spells:

 Spells                   Type           Power      Damage    Failure   Level
 Poisonous Vapours        Pois/Air       26%        N/A       7%          2


Dungeon Overview and Level Annotations

Branches:
Dungeon (3/15)

Altars:
Fedhas


Message History

The hobgoblin hits you but does no damage.
You closely miss the hobgoblin.
The hobgoblin is heavily wounded.
The hobgoblin hits you but does no damage.
You closely miss the hobgoblin.
The hobgoblin is heavily wounded.
The goblin shoots a sling bullet.
The sling bullet hits you.
* * * LOW HITPOINT WARNING * * *
The hobgoblin barely misses you.
You hit the hobgoblin but do no damage.
The hobgoblin is heavily wounded.
The goblin shoots a sling bullet.
The sling bullet hits you.
* * * LOW HITPOINT WARNING * * *
The hobgoblin hits you but does no damage.
You hit the hobgoblin but do no damage.
The hobgoblin is heavily wounded.
The goblin shoots a sling bullet.
The sling bullet hits you but does no damage.
The hobgoblin hits you but does no damage.
You barely miss the hobgoblin.
The hobgoblin is heavily wounded.
The goblin shoots a sling bullet.
The sling bullet hits you but does no damage.
The hobgoblin hits you but does no damage.
Casting: Sting (safe; 2% risk of failure)
Confirm with . or Enter, or press ? or * to list all spells.
Aiming: Sting (safe; 2% risk of failure)
Press: ? - help, Shift-Dir - straight line, f - goblin
Aim: a goblin, wielding a +0 hunting sling and quivering sling bullets (strong, 67% to hit)
The sting hits the goblin.
The goblin is poisoned.
The goblin is severely wounded.
The goblin shoots a sling bullet.
The sling bullet hits you but does no damage.
The hobgoblin hits you but does no damage.
You hit the hobgoblin.
The hobgoblin is almost dead.
The goblin shoots a sling bullet.
The sling bullet hits you.
* * * LOW HITPOINT WARNING * * *
The hobgoblin hits you.
You die...

##### #.)♣# #.g.# ##
#..†# ###..#
#.)g##########.....#
#....))..g..........
#...#########.####.#
#.!.#########.# #.#
##...#........# #.#
#...#.....g.## #.#


You could see a hobgoblin (strong) and a goblin (strong, poisoned).

Vanquished Creatures
  Robin (D:3)
  3 gnolls (D:2)
  2 adders
  3 worms (D:2)
  2 dart slugs
  6 endoplasms (D:1)
  7 goblins
  6 hobgoblins
  3 jackals (D:2)
  A quokka (D:3)
  3 ball pythons
  5 bats
  2 frilled lizards (D:1)
  3 kobolds
  A rat (D:1)
48 creatures vanquished.

Notes
Turn   | Place    | Note
-------+----------+-------------------------------------------
     0 | D:1      | deadmanwalking the Deep Elf Venom Mage began the quest for
                  | the Orb.
     0 | D:1      | Reached XP level 1. HP: 10/10 MP: 6/6
   291 | D:1      | Reached XP level 2. HP: 11/15 MP: 0/8
  1494 | D:2      | Reached XP level 3. HP: 17/19 MP: 3/10
  1498 | D:2      | Learned a level 3 spell: Ignite Poison
  1653 | D:2      | Found a blossoming altar of Fedhas.
  2506 | D:2      | Reached skill level 1 in Fire Magic
  2506 | D:2      | Reached XP level 4. HP: 24/24 MP: 9/12
  2573 | D:2      | Learned a level 4 spell: Olgreb's Toxic Radiance
  2577 | D:2      | Learned a level 3 spell: Mephitic Cloud
  3152 | D:3      | Found a faded altar of an unknown god.
  3194 | D:3      | Noticed Robin
  3244 | D:3      | Killed Robin
  3253 | D:3      | Slain by a hobgoblin

Illustrated notes

Levels and vault maps discovered:
D:1:      dpeg_arrival_chambers_temple_mockup, layout_loops_ring, minmay_tripent
D:2:      layout_basic, basic_altar, ebering_dispersal_statue_hall
D:3:      layout_rooms, hellmonk_ecumenical_altar_inner_sanctum,
          grunt_ministairs_9, kennysheep_cluttered_room, hex_tiny,
          corexii_corridor_pit, chequers_serial_rivers_micro_a,
          minmay_misc_feat_tiny, st_stairs_2, uniq_robin

Skill      XL: |  1  2  3 |
---------------+----------+-----
Transmutations | 2 |  2.7
Spellcasting   | 4 |  4.4
Poison Magic   | 4 |  4.3
Fire Magic     | 1 |  1.5
Dodging        | |  2.4
Stealth        | |  2.4

Action                   |  1- 3 |  4- 6 || total
-------------------------+-------+-------++-------
Melee: Dagger            |     4 |    24 ||    28
Throw: Dart              |     1 |       ||     1
 Cast: Sting             |    77 |    35 ||   112
       Ignite Poison     |     1 |       ||     1
  Use: Potion            |     1 |     1 ||     2
       Scroll            |     1 |     2 ||     3
 Stab: Sleeping          |       |     1 ||     1
Armor: Robe              |     5 |     2 ||     7
       Skin              |       |    39 ||    39
Dodge: Dodged            |    19 |    11 ||    30

Table legend: (Time is in decaauts)
 A = Elapsed time spent in this place.
 B = Non-inter-level travel time spent in this place.
 C = Inter-level travel time spent in this place.
 D = Time resting spent in this place.
 E = Time spent auto-exploring this place.
 F = Levels seen in this place.
 G = Mean time per level.
                   A        B        C        D        E       F      G
               +--------+--------+--------+--------+--------+-----+--------+
         Total |   3253 |   3127 |    126 |      0 |   2750 |   3 | 1084.3 |
       Dungeon |   3253 |   3127 |    126 |      0 |   2750 |   3 | 1084.3 |
               +--------+--------+--------+--------+--------+-----+--------+

Top non-repeatable levels by time:
     D:2: 1509 daAuts
     D:1: 1472 daAuts
     D:3: 271 daAuts
